AoeStats
← Malelf

Arabia

507262460Analyzed
1v1 RM · 15d ago on Sep 17, 2026· 16m 57s· 2 players
Game mode
Random Map
Map size
Tiny (2 player)
Population
200
Speed
Normal
Resources
Standard
Victory
Conquest
Starting age
Dark Age
Ending age
Imperial Age
RankedLock teamsTeams togetherTeam positionsShared explorationLock speedFull tech treeHidden civsTurbo modeCheats
Victory
Defeat
🇮🇹 Mongols · Italy
1701
+13
🇩🇪 Bulgarians · Germany
1630
-13
Old Man Willow
7:52 Loom
11:58 Feudal Age
13:07 Double-Bit Axe
13:03 Horse Collar
15:11 Wheelbarrow
15:54 Scale Mail Armor
Malelf
8:13 Loom
9:59 Feudal Age
12:02 Double-Bit Axe
14:18 Castle Age
12:50 Gold Mining
Connection lost

Rejoining the realm…

Still unreachable

The connection could not be restored.

Session expired

The server has moved on; the page needs a fresh start.